Map: Pillars of Gold LE

Players

llllllllllll

  • Race: Terran Terran
  • League: Master
  • Spawn Location: 7:00

Eurystheus - Winner!

  • Race: Protoss Protoss
  • League: Master
  • Spawn Location: 1:00

VOD

Have the link to the VOD?

Description

Time

  • Played on: Dec. 10, 2020, 12:23 a.m.
  • Length: 5:53
Show
View Real Time Build Order
Export as new Build Order

llllllllllll Terran 

Build Orders: Reaper Expand 

Get SALT Encoding   

  12  0:00  SCV  
  13  0:12  SCV  
  14  0:19  Supply Depot  
  14  0:24  SCV  
  15  0:40  SCV  
  16  0:42  Barracks  
  16  0:49  Refinery  
  16  0:53  SCV  
  17  1:05  SCV  
  18  1:17  SCV  
  19  1:30  Orbital Command  
  19  1:32  Reaper  
  20  1:53  Command Center  
  20  2:00  SCV  
  21  2:04  Marine  
  21  2:08  Supply Depot  
  22  2:12  SCV  
  23  2:19  Factory  
  23  2:28  Barracks Reactor  
  24  2:30  Refinery, SCV  
  24  2:42  SCV  
  25  2:54  SCV  
  26  3:05  Starport  
  26  3:06  Orbital Command, SCV  
  26  3:10  Hellion  
  29  3:13  Marine  
  29  3:14  Marine  
  29  3:18  SCV  
  32  3:30  SCV  
  33  3:37  Widow Mine  
  33  3:40  SCV  
  36  3:41  Medivac  
  36  3:42  Barracks, SCV  
  36  3:45  Barracks  
  38  3:49  Armory  
  38  3:52  SCV  
  38  3:53  Marine  
  38  3:54  Marine  
  38  3:55  Supply Depot  
  41  4:00  Widow Mine  
  43  4:03  SCV  
  43  4:04  SCV  
  45  4:12  Barracks  
  45  4:15  SCV  
  45  4:16  Starport Tech Lab, SCV  
  47  4:20  Engineering Bay  
  47  4:24  Marine x2  
  47  4:26  Factory Tech Lab  
  47  4:27  SCV  
  47  4:29  SCV  
  51  4:34  Supply Depot  
  51  4:35  Refinery  
  51  4:39  SCV  
  51  4:41  SCV  
  51  4:43  Starport Reactor  
  53  4:50  Marine  
  53  4:52  Factory Reactor  
  54  4:55  Marine x2  
  54  4:56  SCV x2  
  58  5:13  SCV x2  
  60  5:15  Supply Depot  
  60  5:16  Marauder  
  62  5:32  Supply Depot, Command Center  
Show
View Real Time Build Order
Export as new Build Order

Eurystheus Protoss - Winner!

Build Orders: 1 Gate Expand, Blink Stalkers 

Get SALT Encoding   

  12  0:03  Probe  
  13  0:15  Probe  
  14  0:22  Pylon  
  14  0:27  Probe  
  15  0:40  Probe (Chrono Boost)  
  16  0:44  Gateway  
  16  0:49  Assimilator  
  16  0:52  Probe (Chrono Boost)  
  17  0:58  Probe (Chrono Boost)  
  18  1:07  Probe  
  19  1:19  Probe  
  20  1:31  Probe  
  21  1:39  Nexus  
  21  1:48  Cybernetics Core  
  21  1:51  Assimilator  
  21  1:58  Pylon  
  21  2:02  Probe  
  22  2:14  Probe  
  23  2:23  Stalker (Chrono Boost)  
  23  2:24  Warp Gate  
  25  2:30  Twilight Council  
  24  2:55  Probe (Chrono Boost)  
  24  2:57  Stalker  
  28  2:59  Probe (Chrono Boost)  
  29  3:05  Probe (Chrono Boost)  
  29  3:08  Probe (Chrono Boost)  
  29  3:09  Blink  
  31  3:14  Probe (Chrono Boost)  
  31  3:17  Probe (Chrono Boost)  
  32  3:22  Probe (Chrono Boost)  
  34  3:27  Probe (Chrono Boost)  
  34  3:32  Probe (Chrono Boost)  
  34  3:35  Robotics Facility, Probe  
  35  3:44  Probe  
  35  3:47  Probe  
  37  3:52  Gateway  
  37  3:55  Gateway  
  37  4:00  Gateway  
  37  4:02  Probe  
  38  4:04  Probe  
  39  4:13  Pylon  
  39  4:14  Probe  
  39  4:16  Stalker  
  42  4:18  Probe  
  43  4:24  Warp Prism (Chrono Boost)  
  45  4:32  Assimilator  
  45  4:34  Pylon  
  45  4:36  Probe  
  45  4:38  Probe  
  47  4:44  Stalker  
  49  4:49  Probe  
  49  4:50  Pylon, Probe  
  51  4:58  Stalker x2  
  55  5:05  Stalker  
  48  5:07  Probe x2  
  50  5:24  Stalker x2  
  50  5:25  Stalker  
  56  5:29  Stalker  
  50  5:36  Probe x2  
Tags
 
Add a new tag
Caveats
  • Supply blocks, unpowered buildings, or Contaminate may cause inaccurate times.
  • Supply counts are checked every 10 seconds.